 Dungeon Crawl Stone Soup version 0.28-a0-563-gf77a47075d (webtiles) character file.

Game seed: 1391363212132446419

600867 tatocazan the Champion of Chaos (level 25, -3/238 (240) HPs)
             Began as a Demonspawn Fighter on Sept 26, 2021.
             Was the Champion of Makhleb.
             Killed from afar by an ancient lich (39 damage)
             ... with a bolt of acid
             ... on level 5 of the Realm of Zot on Sept 30, 2021.
             The game lasted 01:29:30 (56056 turns).

tatocazan the Champion of Chaos (DsFi)             Turns: 56056, Time: 01:29:31

HP:   -3/238 (240)  AC: 36    Str: 28 (30) XL:     25   Next: 96%
MP:   0/39          EV: 18    Int:  2 (5)  God:    Makhleb [******]
Gold: 5936          SH: 32    Dex: 18      Spells: 24/24 levels left

rFire   + + +      SeeInvis .   z - +9 broad axe (flame)
rCold   + + +      Faith    .   R - +0 tower shield of the Harp {rF+}
rNeg    + . .      Spirit   +   y - +14 plate armour "Enune" {rC+}
rPois   +          Reflect  .   d - -2 hat of the Alchemist {rElec rPois rF+ rC+ rN+ Will+ rMut rCorr}
rElec   +          Harm     .   W - +2 cloak {Stlth+}
rCorr   +          Rampage  .   (gloves unavailable)
rMut    +          NoCast   +   v - +1 pair of boots of Xoel {-Cast rC+ Regen+ Slay+5}
Will    +++..                   U - brooch of Shielding {Spirit SH+8}
Stlth   +.........              p - +4 ring of slaying
HPRegen 1.49/turn               k - ring "Jibew" {rF+ Will+ Str+3 Int-5 Dex+4}
MPRegen 0.26/turn

@: studying Axes, lightly drained
A: claws 3, robust 1, spiny 3, sturdy frame 3, demonic magic 3
}: 4/15 runes: decaying, serpentine, slimy, silver
a: Renounce Religion, Minor Destruction, Lesser Servant of Makhleb, Major
Destruction, Greater Servant of Makhleb


You were on level 5 of the Realm of Zot.
You worshipped Makhleb.
Makhleb was exalted by your worship.
You visited 11 branches of the dungeon, and saw 54 of its levels.
You also visited: Bailey, Gauntlet, Volcano and Wizlab.

You collected 8367 gold pieces.
You spent 2431 gold pieces at shops.

Inventory:

Hand Weapons
 a - the +8 mithril axe "Arga" {speed, Will+}
   (You acquired it on level 6 of the Lair of Beasts)

   Attacks with this weapon are significantly faster.
   Will:      It increases your willpower.
 z - a +9 broad axe of flaming (weapon)
Missiles
 T - 2 throwing nets (quivered)
Armour
 d - the -2 hat of the Alchemist (worn) {rElec rPois rF+ rC+ rN+ Will+ rMut rCorr}
   (You found it on level 5 of the Vaults)

   rF:        It protects you from fire.
   rC:        It protects you from cold.
   rElec:     It insulates you from electricity.
   rPois:     It protects you from poison.
   rN:        It protects you from negative energy.
   rCorr:     It protects you from acid and corrosion.
   rMut:      It protects you from mutation.
   Will:      It increases your willpower.
 u - +6 gold dragon scales
 v - the +1 pair of boots of Xoel (worn) {-Cast rC+ Regen+ Slay+5}
   (You found it on level 13 of the Dungeon)

   Slay:      It affects your accuracy & damage with ranged weapons and melee
   (+5).
   rC:        It protects you from cold.
   -Cast:     It prevents spellcasting.
   Regen:     It increases your rate of health regeneration.
 y - the +14 plate armour "Enune" (worn) {rC+}
   (You found it on level 4 of the Dungeon)

   rC:        It protects you from cold.
 R - the +0 tower shield of the Harp (worn) {rF+}
   (You acquired it on level 9 of the Dungeon)

   rF:        It protects you from fire.
 W - a +2 cloak of stealth (worn)
Jewellery
 c - the ring "Imorynast" {+Blink EV+4 SInv}
   (You acquired it on level 6 of the Lair of Beasts)

   [ring of evasion]

   EV:        It affects your evasion (+4).
   SInv:      It lets you see invisible.
   +Blink:    It lets you blink.
 k - the ring "Jibew" (right claw) {rF+ Will+ Str+3 Int-5 Dex+4}
   (You acquired it on level 6 of the Lair of Beasts)

   [ring of willpower]

   Str:       It affects your strength (+3).
   Int:       It affects your intelligence (-5).
   Dex:       It affects your dexterity (+4).
   rF:        It protects you from fire.
   Will:      It increases your willpower.
 p - a +4 ring of slaying (left claw)
 F - a ring of positive energy
 Q - an amulet of reflection
 S - the ring of Joraocs {Will+ Int+5}
   (You found it on level 6 of the Lair of Beasts)

   [ring of willpower]

   Int:       It affects your intelligence (+5).
   Will:      It increases your willpower.
 U - the brooch of Shielding (around neck) {Spirit SH+8}
   (You bought it in a shop on level 2 of the Orcish Mines)

   [amulet of guardian spirit]

   It causes incoming damage to be divided between your reserves of health and
   magic.
   SH:        It affects your SH (+8).
 V - the ring "Sakhligg" {AC+4 Dex+8}
   (You found it in a Gauntlet)

   [ring of protection]

   AC:        It affects your AC (+4).
   Dex:       It affects your dexterity (+8).
 X - a ring of resist corrosion
Wands
 t - a wand of acid (7)
 B - a wand of iceblast (50)
 Y - a wand of mindburst (37)
 Z - a wand of digging (14)
Scrolls
 b - 46 scrolls of identify
 e - 2 scrolls of silence
 g - 4 scrolls of fear
 h - 14 scrolls of amnesia
 i - 33 scrolls of teleportation
 j - 6 scrolls of immolation
 l - 7 scrolls of magic mapping
 o - 2 scrolls of enchant weapon
 r - 9 scrolls of fog
 s - 3 scrolls of torment
 C - 8 scrolls of noise
 J - 3 scrolls of summoning
 M - 6 scrolls of holy word
 N - 5 scrolls of blinking
Potions
 f - 35 potions of curing
 m - 3 potions of might
 n - 9 potions of flight
 q - 8 potions of heal wounds
 w - 6 potions of cancellation
 x - 5 potions of magic
 A - 5 potions of mutation
 D - 4 potions of lignification
 E - 7 potions of attraction
 G - a potion of invisibility
 H - 6 potions of resistance
 L - 8 potions of haste
 O - 5 potions of brilliance
 P - 2 potions of berserk rage
Miscellaneous
 I - a box of beasts
 K - a piece from Xom's chessboard (15/15)


   Skills:
 * Level 22.7 Fighting
 - Level 19.7 Axes
 + Level 17.3 Armour
 + Level 14.0 Dodging
 * Level 22.9 Shields
 + Level 25.0 Invocations


You had 24 spell levels left.
You didn't know any spells.
Your spell library contained the following spells:

 Spells                   Type           Power      Damage    Failure   Level
 Animate Skeleton         Necr           0%         N/A       87%         1
 Apportation              Tloc           0%         N/A       87%         1
 Foxfire                  Conj/Fire      0%         2x1d4     87%         1
 Magic Dart               Conj           0%         1d3       87%         1
 Pain                     Necr           0%         1d4       87%         1
 Sandblast                Erth           0%         2d4       87%         1
 Shock                    Conj/Air       0%         1d3       87%         1
 Sting                    Tmut/Pois      0%         1d3       87%         1
 Summon Small Mammal      Summ           0%         N/A       87%         1
 Blink                    Tloc           N/A        N/A       95%         2
 Call Imp                 Summ           0%         N/A       95%         2
 Corpse Rot               Necr/Air       N/A        N/A       95%         2
 Passwall                 Tmut/Erth      0%         N/A       95%         2
 Poisonous Vapours        Pois/Air       0%         N/A       95%         2
 Slow                     Hex            0%         N/A       95%         2
 Call Canine Familiar     Summ           0%         N/A       99%         3
 Confusing Touch          Hex            0%         N/A       99%         3
 Conjure Flame            Conj/Fire      0%         6-21      99%         3
 Dazzling Flash           Conj/Hex       0%         N/A       99%         3
 Gell's Gravitas          Tloc           0%         N/A       99%         3
 Inner Flame              Hex/Fire       0%         N/A       99%         3
 Mephitic Cloud           Conj/Pois/Air  0%         N/A       99%         3
 Ozocubu's Armour         Ice            0%         N/A       99%         3
 Portal Projectile        Hex/Tloc       0%         N/A       99%         3
 Stone Arrow              Conj/Erth      0%         3d7       99%         3
 Swiftness                Air            0%         N/A       99%         3
 Teleport Other           Tloc           0%         N/A       99%         3
 Tukima's Dance           Hex            0%         N/A       99%         3
 Vampiric Draining        Necr           0%         2d6       99%         3
 Airstrike                Air            0%         N/A       100%        4
 Animate Armour           Summ/Erth      0%         N/A       100%        4
 Animate Dead             Necr           0%         N/A       100%        4
 Cause Fear               Hex            0%         N/A       100%        4
 Dispel Undead            Necr           0%         3d6       100%        4
 Flame Wave               Conj/Fire      0%         3d3       100%        4
 Fulminant Prism          Conj/Hex       0%         3d6       100%        4
 Iskenderun's Mystic Bla  Conj/Tloc      0%         2d3       100%        4
 Leda's Liquefaction      Hex/Erth       0%         N/A       100%        4
 Olgreb's Toxic Radiance  Pois           0%         N/A       100%        4
 Passage of Golubria      Tloc           N/A        N/A       100%        4
 Agony                    Necr           0%         N/A       100%        5
 Alistair's Intoxication  Tmut/Pois      0%         N/A       100%        5
 Blade Hands              Tmut           0%         N/A       100%        5
 Borgnjor's Vile Clutch   Necr/Erth      0%         N/A       100%        5
 Excruciating Wounds      Necr           0%         N/A       100%        5
 Fireball                 Conj/Fire      0%         3d3       100%        5
 Freezing Cloud           Conj/Ice/Air   0%         6-21      100%        5
 Iskenderun's Battlesphe  Conj           0%         2d6       100%        5
 Lee's Rapid Deconstruct  Erth           0%         3d5*      100%        5
 Manifold Assault         Tloc           0%         N/A       100%        5
 Metabolic Englaciation   Hex/Ice        0%         N/A       100%        5
 Silence                  Hex/Air        0%         N/A       100%        5
 Summon Forest            Summ/Tloc      0%         N/A       100%        5
 Summon Mana Viper        Hex/Summ       0%         N/A       100%        5
 Yara's Violent Unravell  Hex/Tmut       0%         3d3       100%        5
 Conjure Ball Lightning   Conj/Air       0%         3x3d6     100%        6
 Death Channel            Necr           0%         N/A       100%        6
 Dispersal                Tloc           0%         N/A       100%        6
 Eringya's Noxious Bog    Tmut/Pois      0%         N/A       100%        6
 Invisibility             Hex            0%         N/A       100%        6
 Iron Shot                Conj/Erth      0%         9d1       100%        6
 Simulacrum               Ice/Necr       0%         N/A       100%        6
 Starburst                Conj/Fire      0%         6d3       100%        6
 Statue Form              Tmut/Erth      0%         N/A       100%        6
 Summon Cactus Giant      Summ           0%         N/A       100%        6
 Dragon Form              Tmut           0%         N/A       100%        7
 Orb of Destruction       Conj           0%         N/A       100%        7
 Spellforged Servitor     Conj/Summ      0%         N/A       100%        7
 Storm Form               Tmut/Air       0%         N/A       100%        7
 Summon Hydra             Summ           0%         N/A       100%        7
 Borgnjor's Revivificati  Necr           0%         N/A       100%        8
 Discord                  Hex            0%         N/A       100%        8
 Disjunction              Tloc           0%         N/A       100%        8
 Lehudib's Crystal Spear  Conj/Erth      0%         10d2      100%        8
 Dragon's Call            Summ           0%         N/A       100%        9
 Polar Vortex             Ice            0%         N/A       100%        9


Dungeon Overview and Level Annotations

Branches:
Dungeon (15/15)            Temple (1/1) D:7            Lair (6/6) D:8
  Swamp (4/4) Lair:2        Snake (4/4) Lair:2        Slime (5/5) Lair:5
    Orc (2/2) D:11            Elf (3/3) Orc:2        Vaults (5/5) D:13
 Depths (4/4) D:15            Zot (5/5) Depths:4     Bailey (visited)
Volcano (visited)          WizLab (visited)         Gauntlet (visited)
  Crypt: Vaults:2-3

Altars:
Ashenzari
Cheibriados
Dithmenos
Elyvilon
Fedhas
Gozag
Hepliaklqana
Kikubaaqudgha
Makhleb
Nemelex Xobeh
Okawaru
Qazlal
Ru
Sif Muna
Trog
Uskayaw
Vehumet
Wu Jian
Xom
Yredelemnul
Zin
The Shining One
Jiyva

Shops:
D:2 *!   D:3 :   D:11 [(   Orc:2 =!(*   Elf:1 *   Elf:2 *   Elf:3 ?
Snake:1 [[!=   Snake:3 ((   Vaults:3 [:?   Vaults:4 [   Depths:1 *:=:
Depths:2 =

Portals:
Hell: Depths:1 Depths:2 Depths:3 Depths:4
Abyss: Depths:3
Pandemonium: Depths:2
Ziggurat: Depths:2

Annotations:
Lair:1 2 transporters
Lair:3 exclusion: oklob plant
Snake:3 1 runed translucent door
Zot:5 2 exclusions


Innate Abilities, Weirdness & Mutations

You have claws for hands.
You are robust. (+10% HP)
You are completely covered in sharp spines.
Your movements are significantly less encumbered by armour. (ER -6)
Spells you cast and wands you use may paralyse nearby enemies.


Message History

Something hits you but does no damage.
The Killer Klown is struck by your spines.
The Killer Klown hits you with a +12 vorpal club!
* * * LOW HITPOINT WARNING * * *
x2 The dread lich touches you but does no damage.
The reaper hits you but does no damage. The Ice Fiend claws you.
* * * LOW HITPOINT WARNING * * *
The Ice Fiend freezes you. You resist.
* * * LOW HITPOINT WARNING * * *
The Ice Fiend claws you but does no damage.
Something touches you but does no damage.
Something hits you!
* * * LOW HITPOINT WARNING * * *
You feel your power leaking away.
The Killer Klown is struck by your spines.
The Killer Klown trip-wires you but does no damage.
The purple draconian hits you but does no damage.
The dread lich is struck by your spines.
The dread lich touches you but does no damage.
You can move again.
You are too injured to fight recklessly!
You take 201 damage, and have 39/238 hp.
MASSIVE DAMAGE!!
You now have 0/39 mp.
Okay, then.
Blink to where?
Press: ? - help, Dir - move target An ancient lich comes into view.
As you read the scroll of blinking, it crumbles to dust.
The ancient lich shouts!
The ancient lich casts a spell at you. The bolt of acid hits you! You resist.
* * * LOW HITPOINT WARNING * * *
You take 6 damage, and have 33/238 hp.
Blink to where?
Press: ? - help, Dir - move target
Found a potion of heal wounds and a great sword.
As you read the scroll of blinking, it crumbles to dust.
The ancient lich casts a spell at you. The bolt of acid hits you!!! You resist.
You die...

..▓▓............,,^,,,,,,,,**
.Lp▓....................,,**
{1X.....................,**
X..▓X...................,,**
..▓▓.............!.)....,,,**
.▓▓▓....................,,,,*
▓▓ #....................,,,,*
*#............^......,,,**
##▓.........@.......,,**
▓▓▓▓...L..........,**
*▓▓▓▓▓▓▓▓▓▓▓##.....**
*##..^..,,,,,,,,,....,**
##....#*,,,,,,,,,,,...,,**
###...#**,,,,,,,,,^,^,..,,^**
.....#**,,,,,,,,,,,,,,,.,,,,*
....## *,,,,,,,,,,,,,^,,,,,,*
....# *,,,,,,,,,,,,,,,,,,,,*


You could see an ancient lich.

Vanquished Creatures
  Dissolution (Slime:3)
  the Royal Jelly (Slime:5)
  2 orbs of fire (Zot:5)
  Mara (Depths:1)
  An ancient lich (Zot:5)
  3 Killer Klowns
  Frederick (Vaults:5)
  Vashnia (Snake:2)
  5 caustic shrikes (Depths:4)
  2 curse toes
  11 golden dragons
  The ghost of gowby the Englaciator, an adept BaIE of Okawaru (Elf:3)
  A bone dragon (Zot:4)
  6 liches
  Rupert (Snake:1)
  14 tentacled monstrosities
  2 deep elf master archers (Elf:3)
  16 Orb Guardians (Zot:5)
  Asterion (Depths:1)
  14 acid blobs
  2 deep elf blademasters (Elf:3)
  2 walking divine tomes (Depths:4)
  9 quicksilver dragons
  An ancient champion (WizLab)
  5 titans (Vaults:5)
  9 death cobs
  7 sphinxes
  Agnes (D:15)
  14 storm dragons
  10 shadow dragons
  8 nagarajas
  4 draconian monks
  7 azure jellies
  3 tengu reavers
  A thorn hunter (Swamp:4)
  7 rockslimes
  2 deep elf sorcerers (Elf:3)
  An iron dragon (Depths:4)
  10 fire giants
  3 draconian knights
  6 draconian scorchers
  A balrug (Depths:3)
  2 revenants (WizLab)
  18 vault wardens
  6 frost giants
  An orc warlord (Orc:1)
  2 caustic shrike zombies (WizLab)
  A juggernaut zombie (D:15)
  Louise (Snake:3)
  6 draconian shifters
  Aizul (Snake:2)
  5 quicksilver oozes
  6 deep elf elementalists (Elf:3)
  3 draconian stormcallers
  4 spriggan defenders (Depths:4)
  2 draconian annihilators
  4 war gargoyles
  12 ironbound preservers
  15 very ugly things
  12 stone giants
  11 green draconians
  5 vampire knights
  8 yellow draconians
  Azrael (Orc:2)
  4 deep elf annihilators
  13 dire elephants
  12 white draconians
  9 black draconians
  An entropy weaver (Vaults:1)
  6 deep elf demonologists
  6 halazid warlocks (WizLab)
  3 bunyips
  A minotaur (Gauntlet)
  2 red draconians
  7 purple draconians
  5 spark wasps
  7 eleionomae
  9 ettins
  A jiangshi (WizLab)
  3 eidola (WizLab)
  2 shambling mangroves
  11 fire dragons
  6 yaktaur captains
  2 crystal guardians
  A spectral quicksilver dragon (WizLab)
  Snorg (Lair:5)
  8 deep elf death magi
  Josephine (Snake:1)
  5 deep elf high priests
  10 great orbs of eyes
  2 ironbound thunderhulks (Vaults:3)
  2 peacekeepers
  A rakshasa (Depths:1)
  30 vault guards
  4 boulder beetles
  21 hydras
  7 ice dragons
  A ghost crab (Swamp:4)
  3 salamander tyrants
  9 anacondas
  18 naga warriors
  6 centaur warriors
  5 ironbound frosthearts
  3 spriggan air magi
  A hell beast (Depths:2)
  5 ogre magi
  7 death yaks
  32 dancing weapons
  A two-headed ogre (shapeshifter) (Depths:4)
  A catoblepas (Lair:4)
  17 two-headed ogres
  6 deep troll shamans
  8 deep troll earth magi
  17 alligators
  An orc high priest (Elf:1)
  A death yak (shapeshifter) (Vaults:5)
  A vampire mage (WizLab)
  20 hell knights
  13 naga sharpshooters
  2 spriggan berserkers (Depths:2)
  4 shock serpents
  A thrashing horror (Gauntlet)
  19 deep elf knights
  A sun demon (Depths:3)
  A spectral spark wasp (WizLab)
  2 shadow wraiths
  8 iron trolls
  A goliath frog (Swamp:2)
  5 salamander mystics
  7 skeletal warriors
  5 flayed ghosts
  7 spriggan druids
  36 deep trolls
  A swamp dragon (shapeshifter) (Depths:4)
  16 deep elf archers
  3 naga ritualists
  A gelid demonspawn (Depths:2)
  3 glowing orange brains
  A torturous demonspawn (Depths:2)
  14 swamp dragons
  2 glowing orange brains (shapeshifter)
  2 spectral wolf spiders (WizLab)
  11 lindwurms
  29 deep elf pyromancers
  6 bog bodies
  8 wizards
  12 ironbound convokers
  16 phantasmal warriors
  4 orc knights
  10 necromancers
  4 shining eyes
  32 deep elf zephyrmancers
  17 mana vipers
  A wolf spider zombie (WizLab)
  An iron dragon zombie (D:15)
  4 will-o-the-wisps
  An orc sorcerer (Orc:1)
  A frost giant zombie (D:15)
  2 manticores
  4 harpies (Vaults:1)
  19 moths of wrath
  A shining eye (shapeshifter) (Depths:4)
  17 salamanders
  34 ugly things
  7 cyclopes
  10 elephants (Lair:6)
  A rust devil (Depths:2)
  A salamander (shapeshifter) (Vaults:5)
  6 guardian serpents
  15 naga magi
  4 molten gargoyles (D:13)
  2 stone giant skeletons (Vaults:1)
  A smoke demon (Depths:3)
  17 vault sentinels
  25 black mambas
  3 eyes of devastation
  19 cane toads
  2 unseen horrors (D:12)
  A gargoyle (D:6)
  An orange demon (Depths:2)
  3 freezing wraiths
  Maggie (D:7)
  3 rime drakes
  A komodo dragon (shapeshifter) (Elf:3)
  24 yaktaurs
  A hellwing (Depths:2)
  An ice devil (Depths:2)
  9 komodo dragons
  A spriggan skeleton (D:15)
  14 trolls
  A tyrant leech (shapeshifter) (Depths:2)
  A merfolk (shapeshifter) (Depths:3)
  15 hornets
  3 meliai (Gauntlet)
  A snapping turtle (shapeshifter) (Depths:4)
  5 polar bears
  83 slime creatures
  Grinder (D:6)
  7 dream sheep
  8 tyrant leeches
  An ettin zombie (Vaults:1)
  12 flying skulls (WizLab)
  4 air elementals (Elf:1)
  23 spriggans
  A vampire (D:14)
  6 wraiths
  A ynoxinul (Depths:2)
  4 shadows
  2 tarantellas (Vaults:1)
  8 wyverns
  4 small abominations (Gauntlet)
  7 water elementals
  5 fire bats (Depths:2)
  A redback (Vaults:5)
  Sigmund (D:2)
  7 fire elementals
  68 yaks
  A hog (shapeshifter) (Elf:2)
  5 basilisks
  3 golden eyes (Slime:5)
  2 steam dragons
  A yaktaur simulacrum (Vaults:1)
  11 vampire mosquitoes
  25 swamp worms
  29 nagas
  5 wargs
  3 floating eyes
  Duvessa (D:7)
  A floating eye (shapeshifter) (Depths:2)
  22 water moccasins
  8 hell hounds
  11 swamp drakes
  36 orc warriors
  A sky beast (D:5)
  8 black bears
  2 ice beasts (D:6)
  29 ogres
  5 boggarts (Lair:6)
  A necrophage (D:5)
  28 wolves
  19 centaurs
  A human skeleton (Vaults:1)
  A phantom (D:6)
  4 kobold brigands (D:9)
  16 bullfrogs
  4 scorpions
  3 earth elementals
  2 gnoll sergeants
  Dowan (D:7)
  A water moccasin zombie (D:6)
  A wyvern skeleton (D:7)
  15 killer bees
  A water moccasin skeleton (D:5)
  A wight (D:9)
  A vampire bat (Depths:3)
  3 electric eels
  2 lava snakes (D:13)
  4 centaur zombies
  A bullfrog skeleton (D:6)
  8 hounds
  A jelly (D:5)
  5 centaur skeletons
  15 orc priests
  5 iguanas
  25 orc wizards
  2 hound skeletons
  2 howler monkey zombies
  11 gnolls
  9 adders
  2 worms (D:2)
  2 dart slugs
  102 orcs
  9 bats
  A bat skeleton (Depths:3)
  3 bat zombies (Depths:3)
  6 endoplasms
  3 giant cockroaches
  7 goblins
  12 hobgoblins
  A quokka (D:1)
  3 ball pythons
  5 frilled lizards
  11 kobolds
  5 rats
2106 creatures vanquished.

Vanquished Creatures (collateral kills)
  A dread lich (Zot:5)
  A curse toe (Zot:5)
  An electric golem (Zot:5)
  2 titans (Vaults:5)
  3 acid blobs (Slime:5)
  2 storm dragons
  3 azure jellies (Slime:5)
  3 rockslimes (Slime:5)
  3 deep elf sorcerers (Elf:3)
  A vault warden (Vaults:5)
  3 deep elf elementalists (Elf:3)
  3 very ugly things (Vaults:5)
  2 deep elf annihilators (Elf:3)
  A yaktaur captain (Vaults:5)
  A deep elf high priest (Elf:3)
  4 hydras (Swamp:4)
  A great orb of eyes (Slime:5)
  2 slime creatures (Slime:5)
  A spriggan (Depths:4)
  An orc warrior (Orc:1)
  An orc (Orc:1)
40 creatures vanquished.

Vanquished Creatures (others)
  A quicksilver dragon (Zot:5)
  A frost giant (Depths:2)
  A draconian knight (Zot:5)
  2 ghost moths
  A draconian annihilator (Zot:5)
  A red draconian (Zot:5)
  A spark wasp (Depths:2)
  A swamp dragon (Swamp:4)
  A deep elf archer (Elf:1)
  An ugly thing (Vaults:1)
  3 bloated husks
  A flying skull (WizLab)
  An orc warrior (Orc:2)
  A bush (Lair:6)
  14 demonic plants (Gauntlet)
  14 foxfires
  41 fungi
  85 plants
  A withered plant (D:15)
172 creatures vanquished.

Grand Total: 2318 creatures vanquished

Notes
Turn   | Place    | Note
-------+----------+-------------------------------------------
     0 | D:1      | tatocazan the Demonspawn Fighter began the quest for the
                  | Orb.
     0 | D:1      | Reached XP level 1. HP: 18/18 MP: 1/1
   127 | D:1      | Gained mutation: You are partially covered in sharp spines.
                  | [demonic ancestry]
   127 | D:1      | Reached XP level 2. HP: 16/24 MP: 2/2
   276 | D:1      | Got the Grimoire of Beguiling
   594 | D:2      | Noticed Sigmund
   600 | D:2      | Killed Sigmund
   601 | D:2      | Reached XP level 3. HP: 30/30 MP: 3/3
   601 | D:2      | Reached XP level 4. HP: 37/37 MP: 4/4
   601 | D:2      | Gained mutation: You have sharp fingernails. [demonic
                  | ancestry]
   601 | D:2      | Reached XP level 5. HP: 42/42 MP: 5/5
   737 | D:2      | Found Ampo's Distillery.
   752 | D:2      | Bought 2 potions of curing for 84 gold pieces
   922 | D:2      | Found Vet Cothanu's Assorted Antiques.
  1315 | D:3      | Found an ancient bone altar of Kikubaaqudgha.
  1361 | D:3      | Found Pakiosheagh's Book Boutique.
  1738 | D:3      | Gained mutation: Your movements are slightly less
                  | encumbered by armour. (ER -2) [demonic ancestry]
  1738 | D:3      | Reached XP level 6. HP: 30/48 MP: 6/6
  2042 | D:3      | Found a faded altar of an unknown god.
  2142 | D:4      | Identified the +14 plate armour "Enune" {rC+}
  2529 | D:2      | Bought a glowing broad axe for 154 gold pieces
  2686 | D:4      | Found a broken altar of Ashenzari.
  3169 | D:5      | Entered Level 5 of the Dungeon
  3195 | D:5      | Gained mutation: Spells you cast may paralyse adjacent
                  | enemies. [demonic ancestry]
  3195 | D:5      | Reached XP level 7. HP: 55/55 MP: 7/7
  3255 | D:5      | Reached skill level 5 in Fighting
  3538 | D:5      | Reached skill level 5 in Shields
  3585 | D:5      | Gained mutation: You have very sharp fingernails. [demonic
                  | ancestry]
  3585 | D:5      | Reached XP level 8. HP: 57/63 MP: 8/8
  3629 | D:5      | Reached skill level 5 in Armour
  3939 | D:6      | Reached skill level 5 in Axes
  4061 | D:6      | Noticed a gargoyle
  4300 | D:6      | Killed a gargoyle
  4560 | D:6      | Noticed Grinder
  4565 | D:6      | Paralysed by Grinder for 5 turns
  4578 | D:6      | Reached XP level 9. HP: 57/71 MP: 9/9
  4578 | D:6      | Killed Grinder
  5552 | D:7      | Found a staircase to the Ecumenical Temple.
  5622 | Temple   | Entered the Ecumenical Temple
  5686 | Temple   | Became a worshipper of Makhleb the Destroyer
  5867 | D:7      | Reached skill level 1 in Invocations
  6054 | D:7      | Noticed Duvessa
  6058 | D:7      | Killed Duvessa
  6059 | D:7      | Reached skill level 2 in Invocations
  6065 | D:7      | Noticed Dowan
  6072 | D:7      | Killed Dowan
  6112 | D:7      | Reached skill level 3 in Invocations
  6237 | D:7      | Reached * piety under Makhleb
  6381 | D:7      | Noticed Maggie
  6387 | D:7      | Killed Maggie
  6388 | D:7      | Reached skill level 4 in Invocations
  6388 | D:7      | Gained mutation: You are mostly covered in sharp spines.
                  | [demonic ancestry]
  6388 | D:7      | Reached XP level 10. HP: 77/79 MP: 11/13
  6408 | D:7      | Found a snail-covered altar of Cheibriados.
  6408 | D:7      | Found a shimmering blue altar of Sif Muna.
  6630 | D:8      | Found a staircase to the Lair.
  7082 | D:8      | Noticed a green ugly thing
  7092 | D:8      | Killed a green ugly thing
  7093 | D:8      | Reached skill level 5 in Invocations
  7371 | D:8      | Found a hide-covered altar of Uskayaw.
  7551 | Lair:1   | Entered Level 1 of the Lair of Beasts
  7551 | Lair:1   | Noticed a cane toad
  7556 | Lair:1   | Killed a cane toad
  7570 | Lair:1   | Noticed a cane toad
  7577 | Lair:1   | Killed a cane toad
  7578 | Lair:1   | Reached skill level 6 in Invocations
  7723 | Lair:1   | Found a transporter.
  7725 | Lair:1   | Found a transporter.
  7726 | Lair:1   | Noticed a boulder beetle
  7749 | Lair:1   | Noticed a boulder beetle
  8027 | Lair:1   | Noticed a black mamba
  8032 | Lair:1   | Killed a black mamba
  8150 | Lair:1   | Noticed a cane toad
  8154 | Lair:1   | Killed a cane toad
  8355 | Lair:1   | Noticed a seven-headed hydra
  8361 | Lair:1   | Killed a four-headed hydra
  8362 | Lair:1   | Reached skill level 7 in Invocations
  8752 | Lair:2   | Noticed a cane toad
  8755 | Lair:2   | Noticed a five-headed hydra
  8756 | Lair:2   | Noticed a black mamba
  8758 | Lair:2   | Killed a cane toad
  8761 | Lair:2   | Killed a one-headed hydra
  8762 | Lair:2   | Reached XP level 11. HP: 63/87 MP: 16/16
  8827 | Lair:2   | Reached skill level 8 in Invocations
  8860 | Lair:2   | Found a staircase to the Snake Pit.
  8890 | Lair:2   | Reached ** piety under Makhleb
  9063 | Lair:2   | Noticed a lindwurm
  9072 | Lair:2   | Killed a lindwurm
  9073 | Lair:2   | Reached skill level 9 in Invocations
  9712 | Lair:2   | Reached skill level 10 in Invocations
  9972 | Lair:2   | Noticed a bog body
  9977 | Lair:2   | Killed a bog body
  9980 | Lair:2   | Reached XP level 12. HP: 89/95 MP: 16/19
 10042 | Lair:2   | Found a staircase to the Swamp.
 10047 | Lair:2   | Reached *** piety under Makhleb
 10475 | Lair:3   | Reached skill level 11 in Invocations
 10476 | Lair:3   | Reached skill level 10 in Axes
 11547 | Lair:4   | Noticed a catoblepas
 11547 | Lair:4   | Noticed a death yak
 11549 | Lair:4   | Noticed a six-headed hydra
 11568 | Lair:4   | Killed a three-headed hydra
 11583 | Lair:4   | Killed a catoblepas
 11583 | Lair:4   | Killed a death yak
 11584 | Lair:4   | Reached skill level 12 in Invocations
 11607 | Lair:4   | Noticed an eight-headed hydra
 11615 | Lair:4   | Killed a four-headed hydra
 11922 | Lair:4   | Reached **** piety under Makhleb
 12009 | Lair:4   | Noticed an eight-headed hydra
 12017 | Lair:4   | Killed a three-headed hydra
 12110 | Lair:4   | Reached skill level 10 in Fighting
 12195 | Lair:4   | Reached XP level 13. HP: 103/103 MP: 22/22
 12450 | Lair:4   | Reached skill level 13 in Invocations
 13254 | Lair:5   | Noticed Snorg
 13265 | Lair:5   | Killed Snorg
 13638 | Lair:5   | Found a viscous altar of Jiyva.
 13645 | Lair:5   | Found a staircase to the Slime Pits.
 13999 | Lair:6   | Entered Level 6 of the Lair of Beasts
 14016 | Lair:6   | Reached skill level 14 in Invocations
 14077 | Lair:6   | Reached ***** piety under Makhleb
 14126 | Lair:6   | Reached skill level 10 in Shields
 14474 | Lair:6   | Reached XP level 14. HP: 98/111 MP: 19/24
 14476 | Lair:6   | Reached skill level 10 in Armour
 14874 | Lair:6   | Reached skill level 15 in Invocations
 15551 | Lair:6   | Identified the ring of Joraocs {Will+ Int+5}
 15773 | Lair:6   | Upgraded the game from 0.28-a0-535-g6f645e4c1d to
                  | 0.28-a0-537-g3bccd9ccbf
 16034 | Lair:6   | Identified 3 scrolls of acquirement
 16034 | Lair:6   | Acquired the +8 mithril axe "Arga" {speed, Will+}
 16034 | Lair:6   | Found the +8 mithril axe "Arga" {speed, Will+}
 16037 | Lair:6   | Acquired the ring "Jibew" {rF+ Will+ Str+3 Int-5 Dex+4}
 16038 | Lair:6   | Acquired the ring "Imorynast" {+Blink EV+4 SInv}
 16195 | D:9      | Reached ****** piety under Makhleb
 16423 | D:9      | Acquired the +0 tower shield of the Harp {rF+}
 16523 | D:9      | You fall into a shaft and drop 3 floors!
 16563 | D:12     | Found a gate leading to a gauntlet.
 16572 | Gauntlet | Entered a Gauntlet
 16572 | Gauntlet | Found a transporter.
 16572 | Gauntlet | Found a transporter.
 16573 | Gauntlet | Found a transporter.
 16575 | Gauntlet | Found a transporter.
 16576 | Gauntlet | Found a transporter.
 16586 | Gauntlet | Found a transporter.
 16653 | Gauntlet | Found a transporter.
 16663 | Gauntlet | Found a transporter.
 16678 | Gauntlet | Found a transporter.
 16690 | Gauntlet | Found a transporter.
 16703 | Gauntlet | Found a transporter.
 16709 | Gauntlet | Found a transporter.
 16820 | Gauntlet | Identified the ring "Sakhligg" {AC+4 Dex+8}
 16892 | Gauntlet | Identified the +3 scythe "Olyl" {drain, *Noise rPois
                  | Stlth+}
 17322 | D:12     | Reached skill level 16 in Invocations
 17973 | D:11     | Found Ajiehikos's Weapon Emporium.
 17976 | D:11     | Found a staircase to the Orcish Mines.
 17984 | D:11     | Found Affa's Armour Emporium.
 18009 | Orc:1    | Entered Level 1 of the Orcish Mines
 18079 | Orc:1    | Found a flagged portal.
 18086 | Bailey   | Entered a bailey
 18686 | Bailey   | Acquired the +9 executioner's axe "Beastbane" {vamp, *Rage
                  | Fly rElec Str+3}
 18814 | Orc:1    | Gained mutation: Your movements are less encumbered by
                  | armour. (ER -4) [demonic ancestry]
 18814 | Orc:1    | Reached XP level 15. HP: 108/119 MP: 27/27
 18833 | Orc:1    | Noticed an orc warlord
 18856 | Orc:1    | Killed an orc warlord
 19620 | Orc:2    | Entered Level 2 of the Orcish Mines
 19653 | Orc:2    | Reached skill level 1 in Dodging
 19691 | Orc:2    | Found a dark tunnel.
 19700 | Volcano  | Entered a volcano
 19983 | Volcano  | Reached XP level 16. HP: 130/130 MP: 28/28
 20133 | Orc:2    | Found a staircase to the Elven Halls.
 20243 | Orc:2    | Noticed Azrael
 20262 | Orc:2    | Killed Azrael
 20421 | Orc:2    | Found Otovutam's General Store.
 20445 | Orc:2    | Reached skill level 17 in Invocations
 20465 | Orc:2    | Found Restafun's Weapon Shop.
 20472 | Orc:2    | Found Ugoluif's Distillery.
 20478 | Orc:2    | Found Rayteypn's Jewellery Boutique.
 20804 | Orc:2    | Bought the brooch of Shielding {Spirit SH+8} for 1069 gold
                  | pieces
 20804 | Orc:2    | Found the brooch of Shielding {Spirit SH+8}
 21739 | D:10     | Entered Level 10 of the Dungeon
 23508 | D:13     | Found a gate to the Vaults.
 23543 | D:13     | Identified the +1 pair of boots of Xoel {-Cast rC+ Regen+
                  | Slay+5}
 23979 | D:14     | You fall into a shaft and drop 1 floor!
 23979 | D:15     | Entered Level 15 of the Dungeon
 24210 | D:15     | Reached skill level 18 in Invocations
 24210 | D:15     | Found a staircase to the Depths.
 24824 | D:15     | Noticed Agnes
 24835 | D:15     | Killed Agnes
 25020 | D:14     | Found a stormy altar of Qazlal.
 25189 | D:14     | Gained mutation: Spells you cast may paralyse nearby
                  | enemies. [demonic ancestry]
 25189 | D:14     | Reached XP level 17. HP: 139/139 MP: 30/30
 25791 | Snake:1  | Entered Level 1 of the Snake Pit
 25949 | Snake:1  | Found Nitibb's Distillery.
 25949 | Snake:1  | Found Zotzoghul's Antique Armour Emporium.
 25950 | Snake:1  | Found Bonatsoa's Jewellery Shoppe.
 25952 | Snake:1  | Found Kysiudue's Armour Emporium.
 25960 | Snake:1  | Bought a +1 pair of gloves of dexterity for 280 gold pieces
 25977 | Snake:1  | Bought a polished helmet for 247 gold pieces
 25977 | Snake:1  | Identified the +0 helmet of Durable Mirth {Fly rPois rF+
                  | Regen+} (You bought it in a shop on level 1 of the Snake
                  | Pit)
 26089 | Snake:1  | You are sucked into a shaft and drop 1 floor!
 26157 | Snake:2  | Noticed Vashnia
 26176 | Snake:2  | Killed Vashnia
 26903 | Snake:2  | Noticed Aizul
 26919 | Snake:2  | Killed Aizul
 27635 | Snake:3  | Noticed Louise
 27658 | Snake:3  | Killed Louise
 28011 | Snake:3  | Found Jisijai's Weapon Emporium.
 28179 | Snake:3  | Reached skill level 15 in Axes
 28499 | Snake:3  | Found Ecekhyuh's Antique Weapon Shoppe.
 28565 | Snake:3  | Found a runed translucent door.
 28743 | Snake:3  | Reached skill level 5 in Dodging
 28899 | Snake:4  | Entered Level 4 of the Snake Pit
 29083 | Snake:4  | Reached skill level 15 in Fighting
 29834 | Snake:4  | Reached skill level 19 in Invocations
 29968 | Snake:4  | Reached skill level 15 in Shields
 29977 | Snake:4  | Gained mutation: Spells you cast and wands you use may
                  | paralyse nearby enemies. [demonic ancestry]
 29977 | Snake:4  | Reached XP level 18. HP: 81/149 MP: 2/31
 30278 | Snake:4  | Got a serpentine rune of Zot
 30448 | Snake:1  | Noticed Josephine
 30464 | Snake:1  | Killed Josephine
 30566 | Snake:1  | Noticed Rupert
 30580 | Snake:1  | Killed Rupert
 31122 | Swamp:1  | Entered Level 1 of the Swamp
 31561 | Swamp:1  | Noticed a tentacled monstrosity
 31567 | Swamp:1  | Killed a tentacled monstrosity
 31654 | Swamp:2  | You are sucked into a shaft and drop 1 floor!
 32162 | Swamp:4  | Entered Level 4 of the Swamp
 32682 | Swamp:4  | Got a decaying rune of Zot
 33080 | Swamp:2  | Gained mutation: You have claws for hands. [demonic
                  | ancestry]
 33080 | Swamp:2  | Reached XP level 19. HP: 159/159 MP: 32/32
 33741 | Vaults:1 | Entered Level 1 of the Vaults
 33844 | Vaults:1 | Reached skill level 20 in Invocations
 35243 | Vaults:2 | You are sucked into a shaft and drop 1 floor!
 35682 | Vaults:3 | Gained mutation: Your movements are significantly less
                  | encumbered by armour. (ER -6) [demonic ancestry]
 35682 | Vaults:3 | Reached XP level 20. HP: 168/168 MP: 34/34
 36054 | Vaults:3 | Found Xeuvigul's Book Shoppe.
 36222 | Vaults:3 | Found Esmetyas's Magic Scroll Emporium.
 36231 | Vaults:3 | Bought a scroll of magic mapping for 42 gold pieces
 36231 | Vaults:3 | Bought a scroll of teleportation for 36 gold pieces
 36231 | Vaults:3 | Bought a scroll of fog for 24 gold pieces
 36263 | Vaults:3 | Found Enwonty's Antique Armour Boutique.
 36267 | Vaults:3 | Bought a dazzling helmet for 275 gold pieces
 36267 | Vaults:3 | Identified the -7 helmet of Context {rF+ Regen+ Int-3
                  | Dex+2} (You bought it in a shop on level 3 of the Vaults)
 36911 | Vaults:4 | Found Ceod's Antique Armour Emporium.
 37405 | Vaults:4 | Identified the +0 pair of boots of the Dragon {Fly Str+3
                  | Dex+3}
 37744 | Vaults:5 | Entered Level 5 of the Vaults
 37780 | Vaults:5 | Reached skill level 21 in Invocations
 37882 | Vaults:5 | HP: 4/170 [titan (18)]
 38433 | Vaults:5 | Noticed Frederick
 38452 | Vaults:5 | Gained mutation: You are completely covered in sharp
                  | spines. [demonic ancestry]
 38452 | Vaults:5 | Reached XP level 21. HP: 164/177 MP: 20/35
 38457 | Vaults:5 | Killed Frederick
 39191 | Vaults:5 | Found the -2 hat of the Alchemist {rElec rPois rF+ rC+ rN+
                  | Will+ rMut rCorr}
 39485 | Vaults:5 | Got a silver rune of Zot
 39643 | Vaults:5 | Identified the +0 pair of gloves of Distant Worlds {Int+5}
 39824 | Vaults:5 | Upgraded the game from 0.28-a0-537-g3bccd9ccbf to
                  | 0.28-a0-556-gab23d0e057
 40139 | Elf:1    | Entered Level 1 of the Elven Halls
 40172 | Elf:1    | Paralysed by an air elemental for 1 turns
 40179 | Elf:1    | Paralysed by an air elemental for 1 turns
 40187 | Elf:1    | Paralysed by an air elemental for 1 turns
 40573 | Elf:1    | Paralysed by an air elemental for 1 turns
 40655 | Elf:1    | Found Woiwnurgh's General Store.
 40663 | Elf:1    | Bought 2 scrolls of teleportation for 78 gold pieces
 40663 | Elf:1    | Bought a scroll of blinking for 97 gold pieces
 40663 | Elf:1    | Bought a scroll of fear for 45 gold pieces
 41914 | Elf:1    | Paralysed by an air elemental for 1 turns
 41916 | Elf:1    | Paralysed by an air elemental for 1 turns
 42207 | Elf:2    | Found a runed translucent gate.
 42208 | Elf:2    | Found a runed translucent gate.
 42208 | Elf:2    | Found a runed translucent gate.
 42235 | Elf:2    | Found Ceuph's Overcharged Wands.
 42375 | Elf:2    | Reached skill level 10 in Dodging
 42581 | Elf:2    | Found an ancient bone altar of Kikubaaqudgha.
 43164 | Elf:3    | Entered Level 3 of the Elven Halls
 43275 | Elf:3    | Found Ufavolo's Magic Scroll Emporium.
 43349 | Elf:3    | Found a runed translucent door.
 43350 | Elf:3    | Noticed gowby's ghost (adept BaIE)
 43608 | Elf:3    | Reached XP level 22. HP: 185/185 MP: 36/36
 43841 | Elf:3    | Reached skill level 22 in Invocations
 44062 | Elf:3    | Identified the +7 long sword of Eternal War {protect, Str+4
                  | Dex+2 Stlth+}
 44124 | Elf:3    | Identified the +9 dagger of Subterfuge {vorpal, rC+++ Will-
                  | rCorr}
 44164 | Elf:3    | Identified the +3 gold dragon scales "Ziafo" {Harm rPois
                  | rF+ rC+ Regen+}
 44306 | Elf:3    | Identified the +1 robe "Kusubb" {rElec rPois rC+ Dex-3}
 44529 | Elf:3    | Upgraded the game from 0.28-a0-556-gab23d0e057 to
                  | 0.28-a0-563-gf77a47075d
 44551 | Elf:3    | Killed gowby's ghost
 44586 | Elf:3    | Identified the +0 scale mail "Uwettekh" {Dex+7 Stlth-}
 44797 | Depths:1 | Entered Level 1 of the Depths
 44943 | Depths:1 | Found Juesenin's Book Boutique.
 44943 | Depths:1 | Found Bolurutz's Jewellery Shoppe.
 44944 | Depths:1 | Found Luraheote's Book Boutique.
 45296 | Depths:1 | Found Doom Pau's Neck Hole.
 45328 | Depths:1 | Noticed Mara
 45341 | Depths:1 | Noticed tatocazan's illusion
 45354 | Depths:1 | Killed Mara
 45405 | Depths:1 | Noticed Asterion
 45424 | Depths:1 | Killed Asterion
 45436 | Depths:1 | Reached skill level 15 in Armour
 45634 | Depths:1 | Found a gateway to Hell.
 46124 | Depths:2 | Found Dologgimm's Jewellery Emporium.
 46141 | Depths:2 | Paralysed by a floating eye for 4 turns
 46146 | Depths:2 | Found a gateway to a ziggurat.
 46148 | Depths:2 | Paralysed by a floating eye for 4 turns
 46224 | Depths:2 | Found a one-way gate leading to the halls of Pandemonium.
 46256 | Depths:2 | Found a magical portal.
 46269 | Depths:2 | Found a broken altar of Ashenzari.
 46279 | WizLab   | Entered Borgnjor's Mausoleum
 46443 | WizLab   | Reached XP level 23. HP: 181/182 MP: 27/38
 46751 | WizLab   | Found the +7 sceptre of Torment {pain, torment}
 46763 | WizLab   | Got Borgnjor's Catalogue of Necromancy
 48081 | Depths:3 | Reached skill level 23 in Invocations
 48209 | Depths:3 | Found a one-way gate to the infinite horrors of the Abyss.
 48356 | Depths:3 | Found an ancient bone altar of Kikubaaqudgha.
 48419 | Depths:3 | Found a hide-covered altar of Uskayaw.
 48934 | Slime:1  | Entered Level 1 of the Pits of Slime
 48972 | Slime:3  | Noticed Dissolution
 48987 | Slime:3  | Killed Dissolution
 49393 | Slime:5  | Entered Level 5 of the Pits of Slime
 49472 | Slime:5  | Noticed the Royal Jelly
 49557 | Slime:5  | Killed the Royal Jelly
 49979 | Slime:5  | Identified the +8 plate armour of Rigel {rF- Will+ Str+4
                  | Stlth+}
 50014 | Slime:5  | Got a slimy rune of Zot
 50015 | Slime:5  | Identified the ring "Ytsemiz" {Ice Slay+3}
 50023 | Slime:5  | Identified the ring of Xom's Whimsicality {rC+ Will+ Str+6
                  | Dex-5}
 50243 | Slime:1  | Reached XP level 24. HP: 205/205 MP: 36/38
 50599 | Depths:4 | Entered Level 4 of the Depths
 51608 | Depths:4 | Found a gate to the Realm of Zot.
 52035 | Zot:1    | Entered Level 1 of the Realm of Zot
 52301 | Zot:1    | Reached skill level 24 in Invocations
 53151 | Zot:2    | Gained mutation: You are robust. (+10% HP) [demonic
                  | ancestry]
 53151 | Zot:2    | Reached XP level 25. HP: 210/237 MP: 38/39
 53805 | Zot:2    | Identified the ring of the Endless Expanse {Str+6 Dex+4}
 54366 | Zot:3    | You fall into a shaft and drop 1 floor!
 54448 | Zot:4    | Identified the +0 ring mail of Circular Logic {rF+ Will+
                  | Int+3}
 54459 | Zot:4    | Noticed a Killer Klown
 54482 | Zot:4    | Killed a Killer Klown
 55118 | Zot:5    | Entered Level 5 of the Realm of Zot
 55554 | Zot:5    | Noticed an orb of fire
 55667 | Zot:5    | Noticed an orb of fire
 55670 | Zot:5    | Noticed a dread lich
 55675 | Zot:5    | Noticed an orb of fire
 55675 | Zot:5    | Noticed an ancient lich
 55677 | Zot:5    | Noticed a Killer Klown
 55679 | Zot:5    | Killed a dread lich
 55681 | Zot:5    | Noticed a Killer Klown
 55690 | Zot:5    | Killed an ancient lich
 55697 | Zot:5    | Killed an orb of fire
 55711 | Zot:5    | Killed an orb of fire
 55711 | Zot:5    | Killed a Killer Klown
 55718 | Zot:5    | Killed a Killer Klown
 56030 | Zot:5    | Reached skill level 25 in Invocations
 56033 | Zot:5    | Noticed a Killer Klown
 56033 | Zot:5    | Noticed an orb of fire
 56038 | Zot:5    | Noticed a dread lich
 56041 | Zot:5    | Noticed a dread lich
 56049 | Zot:5    | Paralysed by a Zot trap for 4 turns
 56054 | Zot:5    | Noticed an ancient lich
 56056 | Zot:5    | Killed from afar by an ancient lich

Illustrated notes

Levels and vault maps discovered:
D:1:      minmay_arrival_stone_box, layout_rooms, hangedman_decor_growths,
          minmay_tetromino_o2
D:2:      layout_loops_cross, serial_shops,
          nicolae_shop_temple_entry_statues_fountains, shop, uniq_sigmund
D:3:      layout_basic, mainiacjoe_overflow_boulevard, serial_shops, shop,
          hellmonk_ecumenical_altar_crossroads, minmay_joined_circles
D:4:      layout_loops_ring, kennysheep_little_box
D:5:      layout_rooms
D:6:      lemuel_ice_spiral_2, layout_basic, st_stairs_8, uniq_grinder
D:7:      layout_loops_corners, gammafunk_temple_overflow_pools,
          minmay_temple_entry_wispy, uniq_duvessa, uniq_maggie
D:8:      layout_layer_cave, gammafunk_temple_overflow_wave, lair_entry_dummy
D:9:      kennysheep_housing_project, layout_long_grid, kennysheep_mini_moat,
          hangedman_minor_gate_pass
D:10:     layout_cave_pools, serial_bayou_lake_a
D:11:     layout_stronghold, orc_david_3, tso_metal_star
D:12:     layout_loops_cross, gauntlet_entry_generic
D:13:     layout_loops_ring, hangedman_vaults_entry_quadrant_bands, minivault_8
D:14:     layout_basic, nicolae_qazlal_scattered_showers
D:15:     gammafunk_depths_entry_grave, layout_grid_maze, uniq_agnes
Temple:   eino_wide_crystal_templ
Lair:1:   gammafunk_boulding_lane, layout_regular_city, serial_forest,
          infiniplex_forest_clump_medium, infiniplex_forest_clump_curved,
          infiniplex_forest_lined_2, infiniplex_forest_lined_2,
          infiniplex_forest_clump_long, infiniplex_forest_3_way,
          chequers_serial_rivers_room_a, grunt_megastairs_2,
          infiniplex_staircase_pool, serial_bayou_shore_b, lemuel_fruit_fields
Lair:2:   layout_misc_corridors, nicolae_swamp_entry_splash_gauntlet,
          minmay_snake_entry_six_corridors
Lair:3:   layout_cave_pods, grunt_megastairs_1
Lair:4:   onia_ninara_swampy_vault, layout_gridlike, nicolae_lair_yak_garden
Lair:5:   layout_regular_city, slime_altar_1, uniq_snorg
Lair:6:   minmay_lair_end_enchanted_forest, layout_cave_pods,
          chequers_serial_rivers_room_b
Swamp:1:  layout_basic_swamp, evilmike_swamp_ruin_house_5, swamp_pool2
Swamp:2:  layout_basic_swamp, serial_swamp_ruin, evilmike_swamp_ruin_house_1,
          evilmike_swamp_ruin_house_2, evilmike_swamp_ruin_house_3, swamp_pool5
Swamp:3:  layout_falls_marsh, evilmike_swamp_ruin_house_4, swamp_pool3,
          nicolae_swamp_alligator_family
Swamp:4:  swamp, layout_basic_swamp, nzn_swamp_dancing_lights
Snake:1:  layout_grid_maze, nicolae_snake_mages_go_home, minmay_shoptagon,
          uniq_josephine, uniq_rupert
Snake:2:  layout_basic, uniq_vashnia, uniq_aizul
Snake:3:  cheibrodos_toxic_ritual, layout_chambers, serial_shops,
          nicolae_shop_trees, grunt_megastairs_3, minmay_shop_star, uniq_louise
Snake:4:  grunt_snake_rune_serpentine_throne, layout_cave_town
Slime:1:  layout_caves
Slime:2:  layout_caves
Slime:3:  cheibrodos_slime_lost_civilization_10, layout_caves,
          dissolution_awaits
Slime:4:  layout_caves, cheibrodos_slime_lost_civilization_4
Slime:5
Orc:1:    layout_caves, enter_bailey_4
Orc:2:    st_orc_open, layout_diamond_mine, nicolae_volcano_entry_lava_flow,
          uniq_azrael
Elf:1:    layout_onion_city, serial_shops, shop, minivault_28
Elf:2:    nicolae_elf_blades_crystal_corner, layout_geoelf_diagonals,
          basic_altar, nicolae_shop_overcharged_wands
Elf:3:    minmay_elf_hall_dome, layout_loops_corners, serial_shops,
          shop_fountains, ebering_ghost_reflecting_pool
Vaults:1: v_misc_29, hangedman_vaults_corner_blocks, nicolae_vaults_what_the_h,
          v_misc_31, v_misc_25, v_misc_14, nicolae_vaults_little_squares_4,
          nicolae_vaults_rhombus_6, layout_vaults_quadrants
Vaults:2: nicolae_vaults_stairing_the_circle, ontoclasm_vaults_ligature,
          ontoclasm_vaults_ring_square, grunt_vaults_diagonal, v_misc_17,
          vaults_dpeg_spiral, v_misc_17, ontoclasm_vaults_gateway,
          nicolae_vaults_three_branches, minmay_crypt_entry_simple_box,
          v_misc_3, layout_vaults_omnicross, serial_shops, shop, uniq_jory,
          uniq_donald, uniq_margery
Vaults:3: nicolae_vaults_border_crossing, v_rooms_3, hangedman_vaults_nails,
          v_misc_28, v_alt_pattern_3, vaults_mumra_lcd,
          nicolae_vaults_circle_grid_b, vaults_dpeg_diagonal,
          nicolae_vaults_shelves_hall, vaults_room_door_ring, v_rooms_2,
          vaults_standard_mumra_enter_the_diamond, hangedman_vaults_impose,
          vaults_mumra_chevron_long, vaults_dpeg_encased_lava,
          nicolae_vaults_circle_grid_b, layout_vaults_maze, serial_shops,
          nicolae_shop_waterfront, nicolae_shop_stone, shop
Vaults:4: nicolae_vaults_asterisk, ontoclasm_vaults_twist,
          nicolae_vaults_little_squares_1, v_misc_25,
          nicolae_vaults_disjoint_gnomons, v_misc_15, vaults_room_grid,
          ontoclasm_vaults_eye, nicolae_vaults_mini_display_case,
          layout_vaults_chaotic_city, serial_shops, nicolae_lakefront_shop
Vaults:5: uniq_frederick
Depths:1: layout_gridlike, hangedman_coc_ice_floe,
          serial_sigils_hangedman_scratch, abandoned_shop,
          nicolae_shop_sticking_my_neck_out, minmay_shop_grove,
          serial_bayou_shore_b, uniq_mara, uniq_asterion
Depths:2: evilmike_lava_path, layout_cave_pools, enter_ziggurat_d,
          ashenzari_conservatory_becter, lightli_enter_wizlab_magi_temple,
          grunt_pan_entry_spiral, hell_entry, serial_shops, shop
Depths:3: minmay_octo_star, layout_cave_pools,
          nicolae_uskayaw_murder_on_the_dancefloor, abyss_entry,
          lightli_too_deep, kennysheep_cluttered_room, kennysheep_vampire_church
Depths:4: grunt_runaround [grunt_runaround_doors_1, grunt_runaround_doors_2,
          grunt_runaround_doors_3, grunt_runaround_doors_4,
          grunt_runaround_zot], hell_entry
Zot:1:    layout_twisted_circle
Zot:2:    layout_cathedral_of_symmetry, hangedman_zot_decor_tridents,
          st_single_dragon_hoard_2, st_stairs_5
Zot:3:    layout_concentric_octagons, grunt_ministairs_8
Zot:4:    layout_onion_interference, st_small_dragon_hoard_4,
          grunt_ministairs_6, zot_minivault_5
Zot:5:    layout_misc_corridors, nrook_zot_tub

Skill      XL: |  1  2  3  4  5  6  7  8  9 10 11 12 13 14 15 16 17 18 19 20 21 22 23 24 25 |
---------------+----------------------------------------------------------------------------+-----
Axes           | 2 3 4 5 6 8 9 10 12 13 14 15 16 17 18 19 | 19.7
Shields        | 3 4 5 6 7 8 9 10 12 13 15 16 17 18 19 20 21 22 | 22.9
Armour         | 3 4 6 7 8 9 10 11 12 13 14 15 16 17 | 17.3
Fighting       | 4 5 6 7 8 9 10 11 13 14 15 16 17 18 19 20 21 22 | 22.7
Invocations    | 4 7 10 12 14 16 18 19 20 21 22 23 24 25 | 25.0
Dodging        | 1 3 5 7 8 9 10 11 12 13 14 | 14.0

Action                   |  1- 3 |  4- 6 |  7- 9 | 10-12 | 13-15 | 16-18 | 19-21 | 22-24 | 25-27 || total
-------------------------+-------+-------+-------+-------+-------+-------+-------+-------+-------++-------
Melee: War axe           |    42 |    90 |       |       |       |       |       |       |       ||   132
       Broad axe         |       |     8 |   166 |   314 |   787 |  1331 |  1432 |  1835 |   394 ||  6267
Invok: Lesser Servant of |       |       |       |       |     1 |     2 |       |     1 |       ||     4
       Greater Servant o |       |       |       |       |     1 |     1 |     1 |     6 |     5 ||    14
Evoke: Wand              |       |       |       |       |     4 |     2 |       |       |       ||     6
  Use: Potion            |     1 |       |     5 |       |     2 |     2 |     5 |     2 |     2 ||    19
       Scroll            |       |     9 |     3 |     1 |    14 |    14 |     7 |    13 |     4 ||    65
 Stab: Petrified         |       |       |       |     1 |       |       |       |       |       ||     1
       Distracted        |       |       |       |       |       |     1 |       |     7 |       ||     8
       Confused          |       |       |       |       |       |     1 |       |     2 |       ||     3
Armor: Scale mail        |    28 |     3 |       |       |       |       |       |       |       ||    31
       Chain mail        |       |    30 |       |       |       |       |       |       |       ||    30
       Plate armour      |       |    12 |   128 |   280 |   679 |   528 |   297 |   462 |   210 ||  2596
Dodge: Dodged            |    19 |    20 |    58 |   102 |   203 |   226 |   202 |   383 |   196 ||  1409
Block: Buckler           |     7 |    14 |    54 |   119 |   186 |       |       |       |       ||   380
       Tower shield      |       |       |       |       |   427 |  1491 |  1222 |  1752 |   543 ||  5435

Table legend: (Time is in decaauts)
 A = Elapsed time spent in this place.
 B = Non-inter-level travel time spent in this place.
 C = Inter-level travel time spent in this place.
 D = Time resting spent in this place.
 E = Time spent auto-exploring this place.
 F = Levels seen in this place.
 G = Mean time per level.
                   A        B        C        D        E       F      G
               +--------+--------+--------+--------+--------+-----+--------+
         Total |  54552 |  50321 |   4231 |   4806 |  35187 |  58 |  940.6 |
       Dungeon |  14063 |  12610 |   1453 |    989 |   9641 |  15 |  937.5 |
        Temple |     72 |     57 |     15 |      0 |     32 |   1 |   72.0 |
          Lair |   9020 |   8228 |    792 |   1001 |   5963 |   6 | 1503.3 |
         Swamp |   2346 |   2210 |    136 |      0 |   1721 |   4 |  586.5 |
     Snake Pit |   5174 |   5032 |    142 |    651 |   3585 |   4 | 1293.5 |
    Slime Pits |   1233 |   1107 |    126 |    349 |    474 |   5 |  246.6 |
  Orcish Mines |   2266 |   2033 |    233 |    238 |   1323 |   2 | 1133.0 |
   Elven Halls |   3695 |   3435 |    260 |    105 |   2498 |   3 | 1231.7 |
        Vaults |   6378 |   5610 |    768 |    541 |   3821 |   5 | 1275.6 |
        Depths |   4446 |   4210 |    236 |    339 |   2672 |   4 | 1111.5 |
           Zot |   3864 |   3798 |     66 |    380 |   2527 |   5 |  772.8 |
        Bailey |    710 |    710 |      0 |     78 |    276 |   1 |  710.0 |
       Volcano |    331 |    331 |      0 |      0 |    213 |   1 |  331.0 |
        Wizlab |    494 |    494 |      0 |      0 |    272 |   1 |  494.0 |
      Gauntlet |    454 |    454 |      0 |    134 |    167 |   1 |  454.0 |
               +--------+--------+--------+--------+--------+-----+--------+

Top non-repeatable levels by time:
  Lair:6: 1912 daAuts
Vaults:4: 1794 daAuts
  Lair:2: 1603 daAuts
Vaults:5: 1596 daAuts
  Lair:4: 1569 daAuts
Vaults:1: 1486 daAuts
     D:6: 1440 daAuts
 Snake:2: 1420 daAuts
 Snake:4: 1411 daAuts
  Lair:3: 1402 daAuts
 Snake:3: 1368 daAuts
   Elf:3: 1360 daAuts
   Elf:1: 1336 daAuts
  Lair:1: 1330 daAuts
   Orc:2: 1324 daAuts
